 Dungeon Crawl Stone Soup version 0.19-a0-459-gb8ed64d (webtiles) character file.

1013 McCoppin the Chopper (level 8, -2/63 HPs)
             Began as a Demonspawn Gladiator on June 2, 2016.
             Slain by an orc warrior
             ... wielding a +0 mace
              (17 damage)
             ... on level 6 of the Dungeon.
             The game lasted 00:12:50 (6276 turns).

McCoppin the Chopper (Demonspawn Gladiator)         Turns: 6276, Time: 00:12:51

Health: -2/63      AC:  8    Str: 17    XL:     8   Next: 1%
Magic:  7/7        EV: 10    Int: 10    God:
Gold:   300        SH:  0    Dex: 14    Spells: 0 memorised, 7 levels left

rFire  x . .     SeeInvis .     a - +0 war axe
rCold  + + .     Gourm    .     p - ice dragon hide
rNeg   . . .     Faith    .     (no shield)
rPois  .         Spirit   .     c - +0 helmet
rElec  .         Dismiss  .     y - +0 cloak
rCorr  .         Reflect  .     (no gloves)
SustAt .         Harm     .     (no boots)
MR     .....                    o - amulet of rage
Stlth  ++........               (no ring)
                                (no ring)

@: not resistant to hostile enchantments, unstealthy
A: claws 1, hooves 2, thin metallic scales 1, demonic guardian 1, low mp 1,
nightstalker 3
a: Evoke Berserk Rage


You were on level 6 of the Dungeon.
You were not hungry.

You visited 1 branch of the dungeon, and saw 6 of its levels.

You collected 300 gold pieces.

Inventory:

Hand Weapons
 a - a +0 war axe (weapon)
Missiles
 d - 3 throwing nets (quivered)
Armour
 b - a +0 leather armour
 c - a +0 helmet (worn)
 p - an ice dragon hide (worn)
 y - a +0 cloak (worn)
Jewellery
 o - an amulet of rage (around neck)
Wands
 s - a wand of lightning (8/15)
Scrolls
 l - a scroll of remove curse
 r - 2 scrolls of identify
 t - 2 scrolls of magic mapping
 v - 2 scrolls of fog
 x - a scroll of teleportation {unknown}
Potions
 e - a potion of lignification {unknown}
 h - a potion of invisibility
 i - 2 potions of flight
 j - a potion of cancellation
 k - a potion of brilliance
 n - 2 potions of curing
 w - a potion of magic {unknown}
Comestibles
 f - 3 bread rations
 g - 6 meat rations
 m - 2 beef jerkies
 q - a slice of pizza
 u - 2 royal jellies


   Skills:
 + Level 5.6 Fighting
 * Level 7.4 Axes
 - Level 1.7 Throwing
 - Level 2.6 Dodging


You had 7 spell levels left.
You didn't know any spells.

Dungeon Overview and Level Annotations

Branches:
Dungeon (6/15)
 Temple: D:4-7

Altars:
Elyvilon
Makhleb
Okawaru
Yredelemnul
The Shining One

Shops:
D:5 :


Innate Abilities, Weirdness & Mutations

You have sharp fingernails.
You are partially covered in thin metallic scales. (AC +2)
A weak demonic guardian rushes to your aid.
You are completely attuned to the shadows.
You have hoof-like feet.
Your magical capacity is low. (-10% MP)


Message History

You kill the orc!
You closely miss the orc warrior. The orc warrior barely misses you.
Unknown command.
You slash the orc warrior!
The orc warrior is moderately wounded.
The orc warrior hits you with a mace!
You are too injured to fight recklessly!
You are too injured to fight recklessly!
You are too injured to fight recklessly!
You are too injured to fight recklessly!
You barely miss the orc warrior. Your kick misses the orc warrior.
The orc warrior is moderately wounded.
The orc warrior hits you with a mace!
* * * LOW HITPOINT WARNING * * *
You hit the orc warrior. Your kick misses the orc warrior.
The orc warrior is moderately wounded.
The orc warrior hits you with a mace.
* * * LOW HITPOINT WARNING * * *
You feel better. The orc warrior hits you with a mace!
You die...

#.....######
##......#..#
#......#..#
#####.....+
###....##
##.......+
#.....≈..≈.
#.....≈..≈.
#..@≈≈≈≈≈≈
#..)o).≈..
#...)....
#........
#........


You could see an orc warrior.

Vanquished Creatures
  An ogre (D:4)
  The ghost of tstbtto the Chopper, an amateur GrGl (D:3)
  4 howler monkeys
  A crimson imp (D:4)
  An orc priest (D:5)
  A quasit (D:5)
  2 hounds
  A centaur zombie (D:5)
  A centaur skeleton (D:4)
  An iguana (D:3)
  4 worker ants
  A hound skeleton (D:4)
  Robin (D:3)
  11 adders
  4 gnolls (D:2)
  A shadow imp (D:4)
  4 oozes
  3 worms
  A dart slug (D:1)
  7 giant geckos
  5 orcs
  7 bats
  2 giant cockroaches
  16 goblins
  6 hobgoblins
  12 jackals
  12 kobolds
  2 quokkas
  2 ball pythons (D:1)
  A ball python skeleton (D:4)
  3 giant newts
  7 rats
126 creatures vanquished.

Vanquished Creatures (collateral kills)
  A centaur (D:5)
  An orc (D:6)
2 creatures vanquished.

Vanquished Creatures (others)
  A dart slug (D:1)
1 creature vanquished.

Grand Total: 129 creatures vanquished

Notes
Turn   | Place    | Note
--------------------------------------------------------------
     0 | D:1      | McCoppin the Demonspawn Gladiator began the quest for the Orb.
     0 | D:1      | Reached XP level 1. HP: 16/16 MP: 1/1
   186 | D:1      | Reached skill level 3 in Axes
   288 | D:1      | Gained mutation: A weak demonic guardian rushes to your aid. [demonic ancestry]
   288 | D:1      | Reached XP level 2. HP: 14/22 MP: 2/2
  1135 | D:1      | Gained mutation: You are slightly more attuned to the shadows. [demonic ancestry]
  1135 | D:1      | Reached XP level 3. HP: 22/28 MP: 3/3
  1747 | D:2      | Reached skill level 4 in Axes
  1777 | D:2      | Reached XP level 4. HP: 20/34 MP: 4/4
  2427 | D:2      | Gained mutation: You are partially covered in thin metallic scales. (AC +2) [demonic ancestry]
  2427 | D:2      | Reached XP level 5. HP: 29/41 MP: 5/5
  2747 | D:2      | Found a basalt altar of Yredelemnul.
  3237 | D:3      | Reached skill level 5 in Axes
  3289 | D:3      | Noticed tstbtto's ghost (amateur GrGl)
  3298 | D:3      | Killed tstbtto's ghost
  3299 | D:3      | Gained mutation: Your magical capacity is low. (-10% MP) [potion of mutation]
  3299 | D:3      | Gained mutation: You have large cloven feet. [potion of mutation]
  3299 | D:3      | Gained mutation: You have hoof-like feet. [potion of mutation]
  3643 | D:3      | Found a glowing golden altar of the Shining One.
  3701 | D:3      | Gained mutation: You are significantly more attuned to the shadows. [demonic ancestry]
  3701 | D:3      | Reached XP level 6. HP: 48/48 MP: 5/5
  3751 | D:3      | Noticed Robin
  3777 | D:3      | Killed Robin
  4794 | D:4      | Found an iron altar of Okawaru.
  4813 | D:4      | Reached skill level 6 in Axes
  5091 | D:4      | Found a burning altar of Makhleb.
  5096 | D:4      | Gained mutation: You are completely attuned to the shadows. [demonic ancestry]
  5096 | D:4      | Reached XP level 7. HP: 53/55 MP: 6/6
  5416 | D:5      | Entered Level 5 of the Dungeon
  5457 | D:5      | Found a white marble altar of Elyvilon.
  5634 | D:5      | Reached skill level 5 in Fighting
  5685 | D:5      | Reached skill level 7 in Axes
  5860 | D:5      | Found Lumuywec's Book Shoppe.
  6237 | D:6      | Gained mutation: You have sharp fingernails. [demonic ancestry]
  6237 | D:6      | Reached XP level 8. HP: 63/63 MP: 7/7
  6276 | D:6      | Slain by an orc warrior

Vault maps used:
D:1:      roderic_chinese_lattice_arrival, lemuel_flame_loot_1
D:2:      kennysheep_big_flooded_room, nicolae_overflow_crystal_walls,
          minmay_misc_feat_more_columns, grunt_decor_cap
D:3:      nicolae_tso_swordbearing_angel, uniq_robin
D:4:      kennysheep_little_box, makhleb_grotto_becter, first_bread
D:5:      kennysheep_mini, serial_shops, nicolae_shop_behind_doors
D:6:      hangedman_ru_absence, grunt_temple_overflow_open,
          trog_ov_bears_minmay, minmay_temple_entry_enclosed_plants,
          amalloy_card_club

Skill      XL: |  1  2  3  4  5  6  7 |
---------------+----------------------+-----
Axes           | 3 4 5 6 7 |  7.4
Fighting       | 3 4 5 |  5.6
Throwing       | |  1.7
Dodging        | |  2.6

Action                   |  1- 3 |  4- 6 |  7- 9 || total
-------------------------+-------+-------+-------++-------
Melee: War axe           |   116 |   210 |    94 ||   420
       Kick              |       |    24 |    29 ||    53
Throw: Throwing net      |       |     1 |       ||     1
  Use: Scroll            |       |    11 |       ||    11
       Potion            |       |     1 |     1 ||     2
 Stab: Sleeping          |     3 |       |     5 ||     8
       Distracted        |       |       |     1 ||     1
  Eat: Chunk             |     2 |     2 |       ||     4
       Bread ration      |       |     2 |     1 ||     3
Armor: Leather armour    |    32 |     6 |       ||    38
       Ice dragon hide   |       |   118 |    64 ||   182
Dodge: Dodged            |    86 |   158 |    68 ||   312
